3L
HOUSTON 1837 BBC @ ECHO PARK LAKERS
09/29/2039
 
TOP OF THE 1ST
Houston 1837 BBC batting - Pitching for Echo Park Lakers : RHP Jordan Calhoun
Pitching: RHP Jordan Calhoun
Batting: RHB Jon Huband 0-0: Ball
1-0: Called Strike
1-1: Ball
2-1: Foul Ball, location: 2F
2-2: Strikes out swinging
Batting: LHB Javier Seco 0-0: Ball
1-0: Ball
2-0: Swinging Strike
2-1: Foul Ball, location: 2F
2-2: DOUBLE (Flyball, 8LXD, EV 91.2 MPH)
Batting: RHB Adam Smith 0-0: Ball
1-0: Called Strike
1-1: Ball
2-1: Ground out 4-3 (Groundball, 34, EV 84.4 MPH)
Javier Seco to third
Batting: RHB Krystof Melichar 0-0: Ball
1-0: DOUBLE (Line Drive, 9LD, EV 103.1 MPH)
Javier Seco scores
Batting: LHB Bill Dixon 0-0: Called Strike
0-1: Ball
1-1: Ball
2-1: Ball
3-1: Ground out 5-3 (Groundball, 5, EV 91.9 MPH)
Top of the 1st over - 1 run, 2 hits, 0 errors, 1 left on base; Houston 1 - Echo Park 0
BOTTOM OF THE 1ST
Echo Park Lakers batting - Pitching for Houston 1837 BBC : RHP Horiuchi Tanaka
Pitching: RHP Horiuchi Tanaka
Batting: LHB Wu-shun Chu 0-0: Ball
1-0: Ball
2-0: Ball
3-0: Called Strike
3-1: Base on Balls
Batting: RHB Gilberto Juárez 0-0: Called Strike
Wu-shun Chu steals 2nd base
0-1: Ball
1-1: Foul Ball, location: 2F
1-2: Foul Ball, location: 2F
1-2: Ball
2-2: Strikes out swinging
Batting: LHB Philip Todd 0-0: Called Strike
0-1: Ball
Wu-shun Chu steals 3rd base (no throw)
1-1: Foul Ball, location: 2F
1-2: Foul Ball, location: 2F
1-2: Ball
2-2: Foul Ball, location: 2F
2-2: Ground out 4-3 (Groundball, 4, EV 103.8 MPH)
Wu-shun Chu scores
Batting: LHB John Schaefer 0-0: Ground out 5-3 (Groundball, 56, EV 81.9 MPH)
Bottom of the 1st over - 1 run, 0 hits, 0 errors, 0 left on base; Houston 1 - Echo Park 1
TOP OF THE 2ND
Houston 1837 BBC batting - Pitching for Echo Park Lakers : RHP Jordan Calhoun
Batting: LHB César Gómes 0-0: Called Strike
0-1: Ball
1-1: Foul Ball, location: 2F
1-2: Ground out 6-3 (Groundball, 4M, EV 103.8 MPH)
Batting: SHB Yeow-whye Zhu 0-0: Called Strike
0-1: Swinging Strike
0-2: Ball
1-2: Strikes out swinging
Batting: RHB David Elías 0-0: Swinging Strike
0-1: Ball
1-1: Ball
2-1: Ball
3-1: Called Strike
3-2: Strikes out looking
Top of the 2nd over - 0 runs, 0 hits, 0 errors, 0 left on base; Houston 1 - Echo Park 1
BOTTOM OF THE 2ND
Echo Park Lakers batting - Pitching for Houston 1837 BBC : RHP Horiuchi Tanaka
Batting: RHB Komotay Koffie 0-0: Ball
1-0: Ball
2-0: Ball
3-0: Called Strike
3-1: Base on Balls
Batting: RHB Kyu-cheol Kye 0-0: Called Strike
0-1: Ball
1-1: Ball
2-1: Ball
3-1: Called Strike
3-2: Fly out, F8 (Flyball, 8LD, EV 80.6 MPH)
Batting: SHB Ryan Wood 0-0: Ball
1-0: Ball
2-0: Called Strike
2-1: 2-RUN HOME RUN (Flyball, 9LD, EV 103.8 MPH), Distance : 350 ft
Batting: RHB Ryoma Yamamoto 0-0: SOLO HOME RUN (Flyball, 7LD, EV 106.2 MPH), Distance : 359 ft
Batting: RHB Felipe Campos 0-0: Ball
1-0: Fly out, F4 (Popup, 34, EV 60.0 MPH)
Batting: LHB Wu-shun Chu 0-0: Ball
1-0: Ball
2-0: Ball
3-0: Foul Ball, location: 2F
3-1: Ground out 4-3 (Groundball, 4, EV 81.9 MPH)
Bottom of the 2nd over - 3 runs, 2 hits, 0 errors, 0 left on base; Houston 1 - Echo Park 4
TOP OF THE 3RD
Houston 1837 BBC batting - Pitching for Echo Park Lakers : RHP Jordan Calhoun
Batting: LHB Ramiro Palmeiro 0-0: Called Strike
0-1: Ball
1-1: Ball
2-1: Called Strike
2-2: Foul Ball, location: 2F
2-2: SINGLE (Groundball, 4MD, EV 103.1 MPH)
Batting: RHB Jon Huband 0-0: Called Strike
0-1: Ball
1-1: Ball
2-1: Foul Ball, location: 2F
2-2: SINGLE (Groundball, 4D, EV 96.2 MPH)
Ramiro Palmeiro to second
Runner from 2nd tries for 3rd, OUT! 9-5
Batting: LHB Javier Seco 0-0: Called Strike
0-1: Ball
Jon Huband steals 2nd base
1-1: Foul Ball, location: 2F
1-2: SINGLE (Flyball, 9S, EV 94.4 MPH)
Jon Huband to third
Runner from 3rd tries for Home, SAFE, no throw by RF
Batting: RHB Adam Smith 0-0: Ball
1-0: Ball
2-0: Ball
3-0: Called Strike
3-1: SINGLE (Groundball, 6MD, EV 100.6 MPH)
Javier Seco to second
Batting: RHB Krystof Melichar 0-0: Ball
1-0: TRIPLE (Line Drive, 89XD, EV 104.4 MPH)
Javier Seco scores
Adam Smith scores
Batting: LHB Bill Dixon 0-0: DOUBLE (Line Drive, 7LM, EV 108.1 MPH)
Krystof Melichar scores
Pitching: RHP Tate Beason
Batting: LHB César Gómes 0-0: Ball
1-0: Called Strike
Bill Dixon is caught stealing 3rd base 2-5
1-1: Ground out 6-3 (Groundball, 6, EV 93.1 MPH)
Top of the 3rd over - 4 runs, 6 hits, 0 errors, 0 left on base; Houston 5 - Echo Park 4
BOTTOM OF THE 3RD
Echo Park Lakers batting - Pitching for Houston 1837 BBC : RHP Horiuchi Tanaka
Batting: RHB Gilberto Juárez 0-0: Ball
1-0: Called Strike
1-1: Fly out, F8 (Flyball, 8RD, EV 86.9 MPH)
Batting: LHB Philip Todd 0-0: Ball
1-0: Ball
2-0: Called Strike
2-1: Foul Ball, location: 2F
2-2: Fly out, F4 (Line Drive, 4, EV 65.0 MPH)
Batting: LHB John Schaefer 0-0: Ball
1-0: Foul Ball, location: 2F
1-1: Ball
2-1: SOLO HOME RUN (Flyball, 9D, EV 105.6 MPH), Distance : 435 ft
Pitching: LHP Alfredo Córdova
Batting: RHB Komotay Koffie 0-0: Called Strike
0-1: Swinging Strike
0-2: Foul Ball, location: 2F
0-2: Ball
1-2: Ball
2-2: Ball
3-2: Strikes out swinging
Bottom of the 3rd over - 1 run, 1 hit, 0 errors, 0 left on base; Houston 5 - Echo Park 5
TOP OF THE 4TH
Houston 1837 BBC batting - Pitching for Echo Park Lakers : RHP Tate Beason
Batting: SHB Yeow-whye Zhu 0-0: Ball
1-0: Called Strike
1-1: Foul Ball, location: 2F
1-2: Ball
2-2: Fly out, F7 (Line Drive, 7, EV 88.1 MPH)
Batting: RHB David Elías 0-0: Ball
1-0: SINGLE (Line Drive, 7S, EV 92.5 MPH)
Batting: LHB Ramiro Palmeiro 0-0: Called Strike
0-1: Foul Ball, location: 2F
0-2: Ball
1-2: Ball
2-2: Strikes out swinging
Batting: RHB Jon Huband 0-0: Fly out, F8 (Flyball, 8RD, EV 73.8 MPH)
Top of the 4th over - 0 runs, 1 hit, 0 errors, 1 left on base; Houston 5 - Echo Park 5
BOTTOM OF THE 4TH
Echo Park Lakers batting - Pitching for Houston 1837 BBC : LHP Alfredo Córdova
Batting: RHB Kyu-cheol Kye 0-0: Foul Ball, location: 2F
0-1: Foul Ball, location: 2F
0-2: Ground out 5-3 (Groundball, 56, EV 83.1 MPH)
Batting: SHB Ryan Wood 0-0: SOLO HOME RUN (Line Drive, 7D, EV 105.0 MPH), Distance : 382 ft
Batting: RHB Ryoma Yamamoto 0-0: Ball
1-0: Called Strike
1-1: Ball
2-1: Swinging Strike
2-2: Strikes out swinging
Batting: RHB Felipe Campos 0-0: Called Strike
0-1: Foul Ball, location: 2F
0-2: Strikes out swinging
Bottom of the 4th over - 1 run, 1 hit, 0 errors, 0 left on base; Houston 5 - Echo Park 6
TOP OF THE 5TH
Houston 1837 BBC batting - Pitching for Echo Park Lakers : RHP Tate Beason
Batting: LHB Javier Seco 0-0: Called Strike
0-1: Ball
1-1: Called Strike
1-2: Ball
2-2: Ground out 5-3 (Groundball, 56S, EV 91.9 MPH)
Batting: RHB Adam Smith 0-0: Called Strike
0-1: Ground out 6-3 (Groundball, 56, EV 85.6 MPH)
Batting: RHB Krystof Melichar 0-0: Ground out 5-3 (Groundball, 56S, EV 76.2 MPH)
Top of the 5th over - 0 runs, 0 hits, 0 errors, 0 left on base; Houston 5 - Echo Park 6
BOTTOM OF THE 5TH
Echo Park Lakers batting - Pitching for Houston 1837 BBC : LHP Alfredo Córdova
Batting: LHB Wu-shun Chu 0-0: Called Strike
0-1: Ball
1-1: Ball
2-1: Ball
3-1: Called Strike
3-2: Foul Ball, location: 2F
3-2: Strikes out swinging
Batting: RHB Gilberto Juárez 0-0: Ball
1-0: Ball
2-0: Ball
3-0: Base on Balls
Batting: LHB Philip Todd 0-0: Called Strike
0-1: Fly out, F8 (Flyball, 89S, EV 89.4 MPH)
Batting: LHB John Schaefer 0-0: Foul Ball, location: 2F
0-1: Foul Ball, location: 2F
0-2: Foul Ball, location: 2F
0-2: Ball
Gilberto Juárez steals 2nd base
1-2: Ball
2-2: Foul Ball, location: 2F
2-2: SINGLE (Line Drive, 4D, EV 107.5 MPH)
Gilberto Juárez to third
Runner from 3rd tries for Home, SAFE, no throw by CF
Batting: RHB Komotay Koffie 0-0: Fly out, F7 (Flyball, 78D, EV 101.9 MPH)
Bottom of the 5th over - 1 run, 1 hit, 0 errors, 1 left on base; Houston 5 - Echo Park 7
TOP OF THE 6TH
Houston 1837 BBC batting - Pitching for Echo Park Lakers : RHP Tate Beason
Batting: LHB Bill Dixon 0-0: Called Strike
0-1: Ball
1-1: Ground out 6-3 (Groundball, 4M, EV 98.1 MPH)
Batting: LHB César Gómes 0-0: Swinging Strike
0-1: Swinging Strike
0-2: Ball
1-2: DOUBLE (Groundball, 3L, EV 97.5 MPH)
Batting: SHB Yeow-whye Zhu 0-0: Called Strike
0-1: Ball
1-1: Swinging Strike
1-2: Foul Ball, location: 2F
1-2: Strikes out swinging
Batting: RHB David Elías 0-0: Foul Ball, location: 2F
0-1: Foul Ball, location: 2F
0-2: Ball
1-2: Strikes out swinging
Top of the 6th over - 0 runs, 1 hit, 0 errors, 1 left on base; Houston 5 - Echo Park 7
BOTTOM OF THE 6TH
Echo Park Lakers batting - Pitching for Houston 1837 BBC : LHP Alfredo Córdova
Batting: RHB Kyu-cheol Kye 0-0: Swinging Strike
0-1: Foul Ball, location: 2F
0-2: Foul Ball, location: 2F
0-2: Ball
1-2: Foul Ball, location: 2F
1-2: SOLO HOME RUN (Flyball, 7LD, EV 93.1 MPH), Distance : 347 ft
Pitching: RHP José Ledezma
Batting: SHB Ryan Wood 0-0: Foul Ball, location: 2F
0-1: Foul Ball, location: 2F
0-2: Ball
1-2: Ball
2-2: Ball
3-2: Foul Ball, location: 2F
3-2: Foul Ball, location: 2F
3-2: Foul Ball, location: 2F
3-2: Base on Balls
Batting: RHB Ryoma Yamamoto 0-0: SINGLE (Line Drive, 8LS, EV 93.1 MPH)
Ryan Wood to second
Ryan Wood to third
Batting: RHB Felipe Campos 0-0: Grounds into double play, 1-6-3 (Groundball, 13, EV 82.5 MPH)
Batting: LHB Wu-shun Chu 0-0: Ball
1-0: Swinging Strike
1-1: Ball
2-1: DOUBLE (Line Drive, 7LM, EV 103.8 MPH)
Ryan Wood scores
Batting: RHB Gilberto Juárez 0-0: Called Strike
0-1: Swinging Strike
0-2: Strikes out swinging
Bottom of the 6th over - 2 runs, 3 hits, 0 errors, 1 left on base; Houston 5 - Echo Park 9
TOP OF THE 7TH
Houston 1837 BBC batting - Pitching for Echo Park Lakers : RHP Tate Beason
Batting: LHB Ramiro Palmeiro 0-0: Ball
1-0: Ground out U3 (Groundball, 34, EV 106.9 MPH)
Batting: RHB Jon Huband 0-0: Ball
1-0: Called Strike
1-1: DOUBLE (Line Drive, 89D, EV 112.5 MPH)
Pitching: RHP Jeffery Prosser
Batting: LHB Javier Seco 0-0: Ball
1-0: Ball
2-0: Called Strike
2-1: Foul Ball, location: 2F
2-2: Foul Ball, location: 2F
2-2: Strikes out swinging
Batting: RHB Adam Smith 0-0: Called Strike
0-1: Called Strike
0-2: Fly out, F8 (Line Drive, 8LD, EV 91.2 MPH)
Top of the 7th over - 0 runs, 1 hit, 0 errors, 1 left on base; Houston 5 - Echo Park 9
BOTTOM OF THE 7TH
Echo Park Lakers batting - Pitching for Houston 1837 BBC : RHP José Ledezma
Batting: LHB Philip Todd 0-0: Fly out, F3 (Popup, 3F, EV 62.5 MPH)
Batting: LHB John Schaefer 0-0: Called Strike
0-1: Ball
1-1: Ball
2-1: Called Strike
2-2: Strikes out swinging
Batting: RHB Komotay Koffie 0-0: Ball
1-0: Ball
2-0: Swinging Strike
2-1: Fly out, F9 (Flyball, 89M, EV 91.2 MPH)
Bottom of the 7th over - 0 runs, 0 hits, 0 errors, 0 left on base; Houston 5 - Echo Park 9
TOP OF THE 8TH
Houston 1837 BBC batting - Pitching for Echo Park Lakers : RHP Jeffery Prosser
Batting: RHB Krystof Melichar 0-0: Ball
1-0: Ball
2-0: Called Strike
2-1: Ground out 6-3 (Groundball, 6, EV 78.8 MPH)
Batting: LHB Bill Dixon 0-0: Ball
1-0: Fly out, F7 (Flyball, 7S, EV 86.2 MPH)
Batting: LHB César Gómes 0-0: Called Strike
0-1: Ball
1-1: Called Strike
1-2: Fly out, F7 (Flyball, 7D, EV 98.1 MPH)
Top of the 8th over - 0 runs, 0 hits, 0 errors, 0 left on base; Houston 5 - Echo Park 9
BOTTOM OF THE 8TH
Echo Park Lakers batting - Pitching for Houston 1837 BBC : RHP José Ledezma
Batting: RHB Kyu-cheol Kye 0-0: Foul Ball, location: 2F
0-1: Foul Ball, location: 2F
0-2: Ground out 5-3 (Groundball, 56S, EV 66.2 MPH)
Batting: SHB Ryan Wood 0-0: Foul Ball, location: 2F
0-1: Ball
1-1: Foul Ball, location: 2F
1-2: Ball
2-2: Ball
3-2: Base on Balls
Pitching: RHP Roy Lowe
Batting: RHB Ryoma Yamamoto 0-0: SINGLE (Line Drive, 3D, EV 98.8 MPH)
Ryan Wood to second
Runner from 2nd tries for 3rd, SAFE, no throw by RF
Batting: RHB Felipe Campos 0-0: Ball
1-0: Fly out, F7 (Flyball, 7S, EV 88.8 MPH)
Batting: LHB Wu-shun Chu 0-0: Called Strike
0-1: Ball
1-1: Foul Ball, location: 2F
1-2: Strikes out swinging
Bottom of the 8th over - 0 runs, 1 hit, 0 errors, 2 left on base; Houston 5 - Echo Park 9
TOP OF THE 9TH
Houston 1837 BBC batting - Pitching for Echo Park Lakers : RHP Jeffery Prosser
Batting: SHB Yeow-whye Zhu 0-0: Ball
1-0: Ball
2-0: SINGLE (Line Drive, 89M, EV 91.9 MPH)
Batting: RHB David Elías 0-0: Called Strike
0-1: Ball
1-1: Ball
2-1: Ball
3-1: Base on Balls
Yeow-whye Zhu to second
Pitching: RHP Corbin Holling
Batting: LHB Ramiro Palmeiro 0-0: Ball
1-0: Called Strike
1-1: Called Strike
1-2: Strikes out swinging
Batting: RHB Jon Huband 0-0: Called Strike
0-1: Ball
1-1: Called Strike
1-2: Strikes out looking
Batting: LHB Javier Seco 0-0: Called Strike
0-1: Ball
1-1: Swinging Strike
1-2: Strikes out swinging
Top of the 9th over - 0 runs, 1 hit, 0 errors, 2 left on base; Houston 5 - Echo Park 9
Wednesday, July 8th, 2020 - OOTP Baseball 20.8 Build 74